 Dungeon Crawl Stone Soup version 0.31-a0-348-g810772c3d7 (webtiles) character file.

Game seed: 15316401400580443625

60 AdnanSaban the Covered (level 4, 0/29 HPs)
             Began as a Gargoyle Fighter on July 23, 2023.
             Was an Initiate of Okawaru.
             Slain by an orc
             ... wielding a +0 short sword
              (4 damage)
             ... on level 3 of the Dungeon.
             The game lasted 00:01:29 (1477 turns).

AdnanSaban the Covered (Gargoyle Fighter)           Turns: 1477, Time: 00:01:29

Health: 0/29       AC: 10    Str: 21    XL:     4   Next: 4%
Magic:  4/4        EV:  9    Int:  9    God:    Okawaru [......]
Gold:   154        SH:  4    Dex:  9    Spells: 3/3 levels left

rFire   . . .        a - +0 flail
rCold   . . .        c - +0 buckler
rNeg    + . .        b - +0 scale mail
rPois   ∞            (no helmet)
rElec   +            (no cloak)
rCorr   .            (no gloves)
SInv    .            (no boots)
Will    .....        (no amulet) Stlth
                     (no ring)
HPRegen 0.24/turn    (no ring)
MPRegen 0.09/turn

%: no passive effects
@: no status effects
A: sickness immunity, AC +3, negative energy resistance 1, electricity
resistance, torment resistance 1, petrification resistance
a: Renounce Religion


You were on level 3 of the Dungeon.
You worshipped Okawaru.
Okawaru was noncommittal.
You visited 1 branch of the dungeon, and saw 3 of its levels.

You collected 154 gold pieces.

Inventory:

Hand Weapons
 a - a +0 flail (weapon)
Armour
 b - a +0 scale mail (worn)
 c - a +0 buckler (worn)
Jewellery
 h - a ring of willpower
Scrolls
 e - 2 scrolls of fog {unknown}
 f - a scroll of acquirement {unknown}
 g - 4 scrolls of teleportation {unknown}
 i - a scroll of poison {unknown}
 m - a scroll of identify {unknown}
 o - 2 scrolls of blinking {unknown}
Potions
 d - 2 potions of might
 j - 3 potions of heal wounds {unknown}
 k - a potion of haste {unknown}
 l - a potion of cancellation {unknown}
 n - a potion of curing {unknown}


   Skills:
 + Level 3.8 Fighting
 + Level 3.0 Maces & Flails
 + Level 3.9 Armour
 + Level 0.3 Dodging
 + Level 3.4 Shields


You had 3 spell levels left.
You didn't know any spells.
Your spell library was empty.

Dungeon Overview and Level Annotations

Branches:
Dungeon (3/15)

Altars:
Makhleb
Okawaru
Trog

Annotations:
D:2 Sigmund


Innate Abilities, Weirdness & Mutations

You are immune to sickness and miasma.
Your stone body is resilient. (AC +3)
You are immune to poison.
You resist negative energy. (rN+)
You are resistant to electric shocks. (rElec)
You are resistant to unholy torment.
You are immune to petrification.


Message History

You hit the orc.
The orc is lightly wounded.
The orc hits you but does no damage.
You closely miss the orc.
The orc is lightly wounded.
The orc hits you but does no damage. The orc barely misses you.
You hit the orc but do no damage.
The orc is lightly wounded.
The orc hits you but does no damage.
You sock the orc!
You kill the orc!
Okawaru accepts your kill.
Your Maces & Flails skill increases to level 3!
You barely miss the orc. The orc closely misses you.
You hit something. Something hits you.
You miss something. Something hits you but does no damage.
You miss something. Something hits you.
You hear some strange, mumbled words.
You are confused.
Something completely misses you. Something hits you but does no damage.
You completely miss something.
An orc wizard appears from thin air!
Reactivating autopickup.
The orc wizard hits you with a +0 dagger.
* * * LOW HITPOINT WARNING * * *
You closely miss the orc wizard.
The orc wizard is moderately wounded.
The orc wizard points at you and mumbles some strange words.
The magic dart hits you.
* * * LOW HITPOINT WARNING * * *
You closely miss the orc wizard.
The orc wizard is moderately wounded.
The orc hits you with a +0 short sword.
* * * LOW HITPOINT WARNING * * *
The orc wizard hits you but does no damage.
You closely miss the orc wizard.
The orc wizard is moderately wounded.
You feel less confused. The orc hits you with a +0 short sword.
You die...

#.# .. #.# #.# #.# ##+#
#####.## #.# #...# #.. ...#
#.. .....# #.###..# ##.
......# #.##...# ##.
.......##.#....##########..
.......).o@................
.......##o#....##########..
......# #.#..#.# ##. .....#
#......# #. #...# ###.####
#. ##+# #.# #. #.# #. #.#
#. #.# #####.


You could see an orc wizard and an orc.

Vanquished Creatures
  3 adders (D:3)
  A worm (D:3)
  An orc (D:3)
  A bat (D:3)
  An endoplasm (D:1)
  2 giant cockroaches
  2 goblins
  2 hobgoblins
  2 jackals (D:2)
  2 quokkas
  4 ball pythons
  3 frilled lizards
  2 kobolds
  4 rats
30 creatures vanquished.

Notes
Turn   | Place    | Note
-------+----------+-------------------------------------------
     0 | D:1      | AdnanSaban the Gargoyle Fighter began the quest for the
                  | Orb.
     0 | D:1      | Reached XP level 1. HP: 14/14 MP: 1/1
   210 | D:1      | Reached XP level 2. HP: 19/19 MP: 2/2
   269 | D:1      | Found a faded altar of an unknown god.
   269 | D:1      | You fall into a shaft and drop 1 floor!
   893 | D:2      | Noticed Sigmund
   998 | D:3      | Reached XP level 3. HP: 21/24 MP: 3/3
  1058 | D:3      | Found a bloodstained altar of Trog.
  1060 | D:3      | Found a burning altar of Makhleb.
  1279 | D:3      | Found an iron altar of Okawaru.
  1287 | D:3      | Became a worshipper of Warmaster Okawaru
  1460 | D:3      | Reached XP level 4. HP: 10/29 MP: 4/4
  1477 | D:3      | Slain by an orc

Illustrated notes

Levels and vault maps discovered:
D:1:      saegor_arrival_miasma, layout_rooms, serial_forest,
          infiniplex_forest_lined_1, infiniplex_forest_clump_diagonal,
          infiniplex_forest_end_3, infiniplex_forest_lined_1,
          infiniplex_forest_clump_tiny, hellmonk_ecumenical_altar_crossroads,
          nrook_loot_triangle, fountainhead, minmay_tree_intersection
D:2:      layout_basic, uniq_sigmund
D:3:      layout_loops_corners, kennysheep_okawaru_gauntlet,
          nicolae_overflow_hidden_temple

Skill      XL: |  1  2  3  4 |
---------------+-------------+-----
Maces & Flails | 3 |  3.0
Fighting       | |  3.8
Armour         | |  3.9
Dodging        | |  0.3
Shields        | |  3.4

Action                     |  1- 3 |  4- 6 || total
---------------------------+-------+-------++-------
  Melee: Flail             |    91 |    16 ||   107
 Armour: Scale mail        |    59 |     7 ||    66
  Dodge: Dodged            |    70 |     5 ||    75
  Block: Buckler           |    16 |     2 ||    18

Table legend: (Time is in decaauts)
 A = Elapsed time spent in this place.
 B = Non-inter-level travel time spent in this place.
 C = Inter-level travel time spent in this place.
 D = Time resting spent in this place.
 E = Time spent auto-exploring this place.
 F = Levels seen in this place.
 G = Mean time per level.
                   A        B        C        D        E       F      G
               +--------+--------+--------+--------+--------+-----+--------+
         Total |   1511 |   1474 |     37 |     45 |   1103 |   3 |  503.7 |
       Dungeon |   1511 |   1474 |     37 |     45 |   1103 |   3 |  503.7 |
               +--------+--------+--------+--------+--------+-----+--------+

Top non-repeatable levels by time:
     D:1: 612 daAuts
     D:3: 576 daAuts
     D:2: 323 daAuts
